 Dungeon Crawl Stone Soup version 0.31-a0-7-g51783674b7 (webtiles) character file.

Game seed: 12515769900918296126

446 Dittersdorf the Trooper (level 7, -2/44 HPs)
             Began as a Gargoyle Fighter on May 5, 2023.
             Slain by a gnoll
             ... wielding a +1 flail of protection
              (4 damage)
             ... on level 5 of the Dungeon.
             The game lasted 00:04:03 (3437 turns).

Dittersdorf the Trooper (Gargoyle Fighter)          Turns: 3437, Time: 00:04:03

Health: -2/44      AC: 14    Str: 21    XL:     7   Next: 3%
Magic:  7/7        EV:  9    Int:  9    God:
Gold:   146        SH: 10    Dex: 12    Spells: 6/6 levels left

rFire   + . .        i - +7 mace of the Eternal Warrior {heavy, rF+ Dex+3}
rCold   . . .        c - +0 buckler
rNeg    + . .        b - +0 scale mail
rPois   ∞            h - +0 helmet
rElec   +            (no cloak)
rCorr   .            n - +0 pair of gloves
SInv    .            (no boots)
Will    ++...        m - amulet of reflection Stlth
                     f - ring of willpower
HPRegen 0.27/turn    k - ring of willpower
MPRegen 0.10/turn

%: reflection
@: no status effects
A: sickness immunity, AC +4, negative energy resistance 1, electricity
resistance, torment resistance 1, petrification resistance
a: no special abilities


You were on level 5 of the Dungeon.
You visited 1 branch of the dungeon, and saw 5 of its levels.

You collected 146 gold pieces.

Inventory:

Hand Weapons
 a - a +1 spectral flail
 i - the +7 mace of the Eternal Warrior (weapon) {heavy, rF+ Dex+3}
   (You found it on level 2 of the Dungeon)

   Dex:       It affects your dexterity (+3).
   rF:        It protects you from fire.
Missiles
 g - a throwing net (quivered)
Armour
 b - a +0 scale mail (worn)
 c - a +0 buckler (worn)
 h - a +0 helmet (worn)
 n - a +0 pair of gloves (worn)
Jewellery
 f - a ring of willpower (left hand)
 k - a ring of willpower (right hand)
 m - an amulet of reflection (around neck)
Wands
 o - a wand of light (9)
Scrolls
 e - a scroll of poison
 s - 2 scrolls of brand weapon
Potions
 d - a potion of might
 j - 3 potions of heal wounds
 l - a potion of curing {unknown}
 p - a potion of resistance {unknown}
 r - 2 potions of experience {unknown}
 t - a potion of invisibility
 u - a potion of brilliance {unknown}


   Skills:
 + Level 5.1 Fighting
 + Level 4.0 Maces & Flails
 + Level 5.0 Armour
 + Level 5.0 Shields


You had 6 spell levels left.
You didn't know any spells.
Your spell library contained the following spells:

 Spells                   Type           Power      Damage    Failure   Level
 Wereblood                Tmut           0%         N/A       89%         2
 Summon Hydra             Summ           0%         N/A       100%        7
 Sublimation of Blood     Necr           Unusable   N/A       N/A         2

Dungeon Overview and Level Annotations

Branches:
Dungeon (5/15)
 Temple: D:4-7

Altars:
Fedhas

Shops:
D:3 [


Innate Abilities, Weirdness & Mutations

You are immune to sickness and miasma.
Your stone body is resilient. (AC +4)
You are immune to poison.
You resist negative energy. (rN+)
You are resistant to electric shocks. (rElec)
You are resistant to unholy torment.
You are immune to petrification.


Message History

You block the gnoll's attack.
Your Maces & Flails skill increases to level 4!
You are too injured to fight recklessly!
You are too injured to fight recklessly!
You are too injured to fight recklessly!
You are too injured to fight recklessly!
You are too injured to fight recklessly!
You are too injured to fight recklessly!
You are too injured to fight recklessly!
You are too injured to fight recklessly!
You are too injured to fight recklessly!
You are too injured to fight recklessly!
You are too injured to fight recklessly!
You are too injured to fight recklessly!
You are too injured to fight recklessly!
You are too injured to fight recklessly!
You are too injured to fight recklessly!
You are too injured to fight recklessly!
You hit the iguana.
The iguana is moderately wounded.
The iguana closely misses you. You block the gnoll's attack.
The gnoll closely misses you.
The iguana bites you but does no damage.
You block the gnoll's attack.
The gnoll hits you with a +1 flail of protection!
* * * LOW HITPOINT WARNING * * *
You sock the iguana!
The iguana is almost dead.
The iguana misses you. The gnoll hits you but does no damage.
You block the gnoll's attack. x2; The iguana bites you!
* * * LOW HITPOINT WARNING * * *
You block the gnoll's attack.
You hit the gnoll.
The gnoll is heavily wounded.
You block the iguana's attack.
The gnoll hits you with a +1 flail of protection.
* * * LOW HITPOINT WARNING * * *
The gnoll hits you but does no damage.
The gnoll hits you with a +1 flail of protection.
You die...

#... #... #... #+# #
####...###.#####+#######
.........#....#.)..#....
.......g.#....#....#....
......)l##....##..######
#g@##....##..##..##
#.<##..)...........
#..................
+?.############..## #..#
##..##..## ####
.......... ..........
##..###+## #..##..##


You could see an iguana and 2 gnolls.

Vanquished Creatures
  A scorpion (D:4)
  A jelly (D:5)
  2 hounds
  Ijyb (D:4)
  3 iguanas (D:5)
  5 gnolls
  5 adders
  A worm (D:2)
  6 orcs
  6 bats
  6 endoplasms
  A giant cockroach (D:4)
  9 goblins
  13 hobgoblins
  3 jackals (D:1)
  3 quokkas (D:1)
  8 ball pythons
  5 frilled lizards
  13 kobolds
  8 rats
100 creatures vanquished.

Vanquished Creatures (others)
  45 plants (D:1)
45 creatures vanquished.

Grand Total: 145 creatures vanquished

Notes
Turn   | Place    | Note
-------+----------+-------------------------------------------
     0 | D:1      | Dittersdorf the Gargoyle Fighter began the quest for the
                  | Orb.
     0 | D:1      | Reached XP level 1. HP: 14/14 MP: 1/1
    81 | D:1      | Reached XP level 2. HP: 19/19 MP: 2/2
   321 | D:1      | Reached XP level 3. HP: 23/23 MP: 3/3
   830 | D:2      | Identified the +7 mace of the Eternal Warrior {heavy, rF+
                  | Dex+3}
  1103 | D:2      | Reached XP level 4. HP: 16/29 MP: 4/4
  1363 | D:2      | Found a faded altar of an unknown god.
  2049 | D:3      | Found Turchupt's Antique Armour Emporium.
  2274 | D:3      | Found a blossoming altar of Fedhas.
  2534 | D:4      | Reached XP level 5. HP: 33/33 MP: 5/5
  3030 | D:4      | Reached XP level 6. HP: 36/39 MP: 6/6
  3050 | D:4      | Noticed Ijyb
  3057 | D:4      | Killed Ijyb
  3336 | D:5      | Entered Level 5 of the Dungeon
  3380 | D:5      | Reached skill level 5 in Fighting
  3422 | D:5      | Reached skill level 5 in Armour
  3422 | D:5      | Reached skill level 5 in Shields
  3424 | D:5      | Reached XP level 7. HP: 44/44 MP: 7/7
  3436 | D:5      | HP: 2/44 [iguana (9)]
  3437 | D:5      | Slain by a gnoll

Illustrated notes

Levels and vault maps discovered:
D:1:      dpeg_arrival_tiny_j, layout_loops_ring, serial_bayou,
          serial_bayou_pond_c, serial_bayou_lake_a, serial_bayou_pond_e,
          serial_bayou_lagoon_a
D:2:      layout_loops_corners, nicolae_ecumenical_lake_church,
          bh_walls_and_bars
D:3:      layout_basic, fedhas_altar_1, serial_shops, nicolae_shop_statue_plus,
          minmay_fractal_squares_diagonal_5
D:4:      layout_loops_ring, uniq_ijyb
D:5:      layout_gridville, uniq_eustachio, uniq_menkaure, uniq_edmund

Skill      XL: |  1  2  3  4  5  6  7 |
---------------+----------------------+-----
Fighting       | 4 5 |  5.1
Armour         | 4 5 |  5.0
Shields        | 4 5 |  5.0
Maces & Flails | 3 4 |  4.0

Action                     |  1- 3 |  4- 6 |  7- 9 || total
---------------------------+-------+-------+-------++-------
  Melee: Flail             |   141 |       |       ||   141
         Mace              |    17 |   116 |     7 ||   140
    Use: Scroll            |       |    10 |       ||    10
 Armour: Scale mail        |    69 |    66 |    14 ||   149
  Dodge: Dodged            |    68 |    61 |     8 ||   137
  Block: Buckler           |    29 |    81 |    11 ||   121

Table legend: (Time is in decaauts)
 A = Elapsed time spent in this place.
 B = Non-inter-level travel time spent in this place.
 C = Inter-level travel time spent in this place.
 D = Time resting spent in this place.
 E = Time spent auto-exploring this place.
 F = Levels seen in this place.
 G = Mean time per level.
                   A        B        C        D        E       F      G
               +--------+--------+--------+--------+--------+-----+--------+
         Total |   3646 |   3555 |     91 |    134 |   2606 |   5 |  729.2 |
       Dungeon |   3646 |   3555 |     91 |    134 |   2606 |   5 |  729.2 |
               +--------+--------+--------+--------+--------+-----+--------+

Top non-repeatable levels by time:
     D:3: 1032 daAuts
     D:2: 941 daAuts
     D:1: 833 daAuts
     D:4: 715 daAuts
     D:5: 123 daAuts
